 Dungeon Crawl Stone Soup version 0.31-a0-1091-g283494c966 (webtiles) character file.

Game seed: 16414199979567412449

17 kae the Vexing (level 2, -1/20 HPs)
             Began as a Demonspawn Enchanter on Nov 28, 2023.
             Slain by a jackal (2 damage)
             ... on level 1 of the Dungeon.
             The game lasted 00:00:47 (376 turns).

kae the Vexing (Demonspawn Enchanter)                Turns: 376, Time: 00:00:48

Health: -1/20      AC:  2    Str:  8    XL:     2   Next: 44%
Magic:  5/5        EV: 12    Int: 16    God:
Gold:   22         SH:  0    Dex: 13    Spells: 5/5 levels left

rFire   . . .        f - +0 short sword (flame)
rCold   . . .        (no shield)
rNeg    . . .        b - +0 robe
rPois   .            (helmet restricted)
rElec   .            (no cloak)
rCorr   .            (no gloves)
SInv    .            (no boots)
Will    .....        (no amulet)
Stlth   ++           (no ring)
HPRegen 0.23/turn    (no ring)
MPRegen 0.09/turn

%: no passive effects
@: no status effects
A: antennae 1
a: no special abilities


You were on level 1 of the Dungeon.
You visited 1 branch of the dungeon, and saw 1 of its levels.

You collected 22 gold pieces.


Innate Abilities, Weirdness & Mutations

You have a pair of small antennae on your head.


   Skills:
 + Level 0.6 Fighting
 * Level 1.3 Short Blades
 - Level 1.7 Dodging
 * Level 3.0 Stealth
 + Level 2.1 Spellcasting
 + Level 3.1 Hexes


You had 5 spell levels left.
You didn't know any spells.
Your spell library contained the following spells:

 Spells                   Type           Power      Damage    Failure   Level
 Ensorcelled Hibernation  Hex/Ice        12%        N/A       16%         2
 Confusing Touch          Hex            11%        N/A       17%         3
 Tukima's Dance           Hex            11%        N/A       17%         3
 Dazzling Flash           Conj/Hex       12%        N/A       32%         3

Inventory:

Hand Weapons
 a - a +1 dagger
 f - a +0 short sword of flaming (weapon)
   (You took it off a kobold on level 1 of the Dungeon)
Missiles
 d - 6 poisoned darts
Armour
 b - a +0 robe (worn)
Jewellery
 e - an amulet of reflection
   (You found it on level 1 of the Dungeon)
 F - a ring of fire
   (You found it on level 1 of the Dungeon)
Scrolls
 i - a scroll of identify {unknown}
Potions
 c - 2 potions of invisibility
 g - a potion of curing {unknown}

Dungeon Overview and Level Annotations

Branches:
Dungeon (1/15) Zot: 5626

Altars:

#...........## #...#
#............# #...#
#............# #...#
#.............##...####
#.....†................
#............##........
##.....###...###.......
#.....# ...# #.......
#[..†@# ### #.......
#...hh# #.....##
#.....# ######..#
......... ..........
######### ##########
....... ######. #. #.


You could see 2 jackals.


Message History

You hit the dart slug but do no damage. The dart slug launches a dart at you.
The slug dart hits you.
You hit the dart slug. You burn the dart slug.
You kill the dart slug!
The dart slug bites you.
You have reached level 2!
You feel monstrous as your demonic heritage exerts itself.
Your demonic ancestry asserts itself...
A pair of antennae grows on your head! 😕 HP[+3] MP[+2]
You now have 20 max hp (+7).
You regained 3 hp, and now have 16/20 hp.
Your mp is fully restored (5).
You hit the dart slug. You burn the dart slug. You hit the dart slug.
You burn the dart slug.
You kill the dart slug! 😕 HP[+1]
A kobold comes into view. It is wielding a +0 club.
You see here a dart slug corpse. 😕 HP[+1]
The jackal barks!
The kobold shouts!
You hear a bark!
The jackal completely misses you.
You hit the jackal. You burn the jackal.
You kill the jackal!
A jackal comes into view.
Your Stealth skill increases to level 3!
The jackal barks!
You hit the kobold. You burn the kobold. The kobold closely misses you.
You hit the kobold. You burn the kobold.
You kill the kobold!
A jackal comes into view.
The jackal closely misses you. 😕 HP[+1]
You hit the jackal but do no damage. The jackal misses you.
You hit the jackal but do no damage.
A jackal comes into view.
The jackal closely misses you. The jackal barely misses you. x2
You hit the jackal. You burn the jackal. The jackal closely misses you.
You closely miss the jackal. The jackal barely misses you.
The jackal bites you.
The jackal bites you but does no damage.
You hit the jackal. You burn the jackal. The jackal closely misses you.
The jackal bites you. The jackal barely misses you.
You closely miss the jackal. The jackal closely misses you.
The jackal bites you.
The jackal bites you but does no damage.
The jackal misses you. The jackal bites you. 😮 HP[-4]
You take 4 damage, and now have 15/20 hp.
You hit the jackal. You burn the jackal.
You kill the jackal!
The jackal bites you but does no damage.
The jackal barely misses you. The jackal bites you.
You are too injured to fight recklessly! 😮 HP[-1]
You take 1 damage, and now have 14/20 hp.
You are too injured to fight recklessly!
You are too injured to fight recklessly!
You are too injured to fight recklessly!
You are too injured to fight recklessly!
You are too injured to fight recklessly!
You are too injured to fight recklessly!
You are too injured to fight recklessly!
You are too injured to fight recklessly!
You don't know any spells.
You don't know any spells.
You hit the jackal but do no damage. The jackal misses you.
The jackal closely misses you.
You hit the jackal but do no damage. The jackal bites you.
The jackal barely misses you. The jackal closely misses you.
You hit the jackal but do no damage. The jackal bites you. x3
* * * LOW HITPOINT WARNING * * *
😨 HP[-4]
You take 4 damage, and now have 10/20 hp.
You miss the jackal. The jackal barely misses you. The jackal bites you.
* * * LOW HITPOINT WARNING * * *
😨 HP[-2]
You take 2 damage, and now have 8/20 hp.
You closely miss the jackal. The jackal bites you.
* * * LOW HITPOINT WARNING * * *
The jackal bites you.
* * * LOW HITPOINT WARNING * * *
😱 HP[-3]
You take 3 damage, and now have 5/20 hp.
You hit the jackal but do no damage. The jackal closely misses you.
The jackal bites you.
* * * LOW HITPOINT WARNING * * *
The jackal bites you.
* * * LOW HITPOINT WARNING * * *
😱 HP[-4]
You take 4 damage, and now have 1/20 hp.
You hit the jackal. You burn the jackal. The jackal bites you.
* * * LOW HITPOINT WARNING * * *
The jackal barely misses you.
The jackal bites you but does no damage.
Unknown command.
It was a potion of magic.
Magic courses through your body. The jackal completely misses you.
The jackal bites you.
You die...

Skill      XL: |  1  2 |
---------------+-------+-----
Short Blades   | 1 |  1.3
Stealth        | 3 |  3.0
Fighting       | |  0.6
Dodging        | |  1.7
Spellcasting   | |  2.1
Hexes          | |  3.1

Action                     || total
---------------------------++-------
  Melee: Dagger            ||    18
         Short sword       ||    27
    Use: Potion            ||     1
   Stab: Sleeping          ||     3
 Armour: Robe              ||    32
  Dodge: Dodged            ||    28

Levels and vault maps discovered:
D:1:      lightli_arrival_quake, layout_basic, ebering_dispersal_statue_hall

Notes
Turn   | Place    | Note
-------+----------+-------------------------------------------
     0 | D:1      | kae the Demonspawn Enchanter began the quest for the Orb.
     0 | D:1      | Reached XP level 1. HP: 13/13 MP: 3/3
     0 | D:1      | magus.rc [v1.11.3]
    90 | D:1      | Reached skill level 1 in Short Blades
    91 | D:1      | HP: 3/13 [endoplasm (2)]
   352 | D:1      | You feel monstrous as your demonic heritage exerts itself.
   352 | D:1      | Discovered your monstrous ancestry.
   352 | D:1      | Gained mutation: You have a pair of small antennae on your
                  | head. [demonic ancestry]
   352 | D:1      | Reached XP level 2. HP: 16/20 MP: 5/5
   360 | D:1      | Reached skill level 3 in Stealth
   373 | D:1      | HP: 5/20 [jackal (2)]
   374 | D:1      | HP: 1/20 [jackal (2)]
   376 | D:1      | Slain by a jackal

Vanquished Creatures
  2 dart slugs (D:1)
  An endoplasm (D:1)
  A goblin (D:1)
  4 jackals (D:1)
  2 kobolds (D:1)
  A frilled lizard (D:1)
11 creatures vanquished.

Table legend:
 A = Non-vault XP
 B = Vault XP
 C = Vault XP percentage of total XP
 D = Non-vault monster count
 E = Vault monster count
 F = Vault count percentage of total count
                 A         B        C        D         E       F
            +---------+---------+-------+---------+---------+-------
      Total |      25 |       0 |   0.0 |      11 |       0 |   0.0
            +---------+---------+-------+---------+---------+-------
        D:1 |      25 |       0 |   0.0 |      11 |       0 |   0.0
            +---------+---------+-------+---------+---------+-------

Skill      XL: |  1  2 |
---------------+-------+-----
Short Blades   | 1 |  1.3
Stealth        | 3 |  3.0
Fighting       | |  0.6
Dodging        | |  1.7
Spellcasting   | |  2.1
Hexes          | |  3.1

Action                     || total
---------------------------++-------
  Melee: Dagger            ||    18
         Short sword       ||    27
    Use: Potion            ||     1
   Stab: Sleeping          ||     3
 Armour: Robe              ||    32
  Dodge: Dodged            ||    28

Illustrated notes

Table legend:
 A = Kills in this place as a percentage of kills in the entire game.
 B = Kills by you in this place as a percentage of kills by you in the entire game.
 C = Kills by friends in this place as a percentage of kills by friends in the entire game.
 D = Other kills in this place as a percentage of other kills in the entire game.
 E = Experience gained in this place as a percentage of experience gained in the entire game.
 F = Experience gained in this place divided by the number of levels of this place that you have seen.
                   A       B       C       D       E      F
               +-------+-------+-------+-------+-------+----------------------
         Total | 100.0 | 100.0 |   N/A |   N/A | 100.0 |  25.0
       Dungeon | 100.0 | 100.0 |   N/A |   N/A | 100.0 |  25.0
               +-------+-------+-------+-------+-------+----------------------

Table legend: (Time is in decaauts)
 A = Elapsed time spent in this place.
 B = Non-inter-level travel time spent in this place.
 C = Inter-level travel time spent in this place.
 D = Time resting spent in this place.
 E = Time spent auto-exploring this place.
 F = Levels seen in this place.
 G = Mean time per level.
                   A        B        C        D        E       F      G
               +--------+--------+--------+--------+--------+-----+--------+
         Total |    372 |    372 |      0 |      0 |    283 |   1 |  372.0 |
       Dungeon |    372 |    372 |      0 |      0 |    283 |   1 |  372.0 |
               +--------+--------+--------+--------+--------+-----+--------+

Top non-repeatable levels by time:
     D:1: 372 daAuts
